 Dungeon Crawl Stone Soup version 0.29.0-4-gdea44cf6ec (webtiles) character file.

Game seed: 2429507879882593256

17 qw the Chopper (level 2, 0/17 HPs)
             Began as a Tengu Warper on Aug 28, 2022.
             Slain by a gnoll
             ... wielding a +0 halberd
              (7 damage)
             ... on level 2 of the Dungeon.
             The game lasted 00:00:06 (1152 turns).

qw the Chopper (Tengu Warper)                       Turns: 1152, Time: 00:00:06

Health: 0/17       AC:  3    Str: 11    XL:     2   Next: 62%
Magic:  6/6        EV: 15    Int: 13    God:
Gold:   97         SH:  0    Dex: 13    Spells: 5/5 levels left

rFire   . . .      SeeInvis .   Y - +1 hand axe
rCold   . . .      Faith    .   (no shield)
rNeg    . . .      Spirit   .   b - +0 leather armour
rPois   .          Reflect  .   (helmet restricted)
rElec   .          Harm     .   (no cloak)
rCorr   .          Rampage  .   (no gloves)
Will    .....                   (boots unavailable)
Stlth   +.........              (no amulet)
HPRegen 0.05/turn               g - +4 ring of evasion
MPRegen 0.10/turn               (no ring)

@: no status effects
A: beak, talons 3
a: no special abilities


You were on level 2 of the Dungeon.
You visited 1 branch of the dungeon, and saw 2 of its levels.

You collected 97 gold pieces.


Innate Abilities, Weirdness & Mutations

You have a beak for a mouth.
You have claws for feet.


   Skills:
 - Level 2.0 Fighting
 + Level 3.4 Axes
 - Level 1.0 Throwing
 - Level 1.1 Armour
 - Level 2.1 Dodging
 - Level 2.0 Spellcasting
 - Level 2.4 Translocations


You had 5 spell levels left.
You didn't know any spells.
Your spell library contained the following spells:

 Spells                   Type           Power      Damage    Failure   Level
 Blink                    Tloc           14%        N/A       19%         2
 Gell's Gravitas          Tloc           7%         N/A       36%         3
 Lesser Beckoning         Tloc           7%         N/A       36%         3
 Teleport Other           Tloc           7%         N/A       36%         3
 Manifold Assault         Tloc           7%         N/A       98%         5

Inventory:

Hand Weapons
 k - a +0 flail
 Y - a +1 hand axe (weapon)
Armour
 b - a +0 leather armour (worn)
Jewellery
 g - a +4 ring of evasion (left hand)
Scrolls
 a - a scroll of enchant armour
Potions
 c - a potion of resistance {unknown}
 d - a potion of curing {unknown}
 f - a potion of berserk rage {unknown}
 i - a potion of might {unknown}

Dungeon Overview and Level Annotations

Branches:
Dungeon (2/15)

Altars:


Message History

Found a spear.
Enter note:
Found a stone staircase leading down.
c - a metallic brown potion You see here a +0 spear.
A worm comes into view.
925 ||| Stepping ~*~*~tactically~*~*~ (stealth).
A quokka comes into view.
The quokka bites you.
You hit the quokka. Your peck misses the quokka.
The quokka is almost dead.
The quokka barely misses you.
You closely miss the quokka. You claw the quokka.
You kill the quokka!
You start resting.
HP restored.
Found a stone.
You see here a stone.
d - an orange potion
Enter note:
Enter note:
Found a stone staircase leading down.
Found a stone staircase leading down. 4 gnolls come into view.
Found a sling.
Found a stone staircase leading up.
The gnoll shouts! x3
Enter note:
1147 ||| Stepping ~*~*~tactically~*~*~ (hiding).
A quokka comes into view.
1148 ||| Stepping ~*~*~tactically~*~*~ (hiding).
The gnoll hits you from afar with a +0 halberd!
A bat comes into view.
The gnoll barely misses you.
You hit the gnoll but do no damage. The gnoll closely misses you.
The gnoll misses you.
You hit the gnoll.
The gnoll is moderately wounded.
The gnoll hits you from afar with a +0 spear.
The gnoll hits you with a +0 halberd!
You die...

#######.########
#####...>#
#...#.##.....
#.....# ####
#...### # ##.##
#.##.## #.#
#..>...###.#
)....r.@...#
####b#g#####


.gg #... #.#.. ..#... .$...<. .. #... You could see 3 gnolls, a quokka and a
bat.

Vanquished Creatures
  An endoplasm (D:1)
  A goblin (D:1)
  2 hobgoblins (D:1)
  4 kobolds
  2 quokkas
  A ball python (D:1)
  A frilled lizard (D:2)
  4 rats (D:1)
16 creatures vanquished.

Notes
Turn   | Place    | Note
-------+----------+-------------------------------------------
     0 | D:1      | qw the Tengu Warper began the quest for the Orb.
     0 | D:1      | Reached XP level 1. HP: 12/12 MP: 4/4
     0 | D:1      | 0 ||| qw: Version: 0.1-a-89-g26bdef1
     0 | D:1      | 0 ||| qw: Game counter: 882
     0 | D:1      | 0 ||| qw: Always use a shield: true
     0 | D:1      | 0 ||| qw: God list: Okawaru
     0 | D:1      | 0 ||| qw: Allow faded altars: false
     0 | D:1      | 0 ||| qw: Do Orc after D:15 true
     0 | D:1      | 0 ||| qw: Do second Lair branch before Depths: true
     0 | D:1      | 0 ||| qw: Lair rune preference: random
     0 | D:1      | 0 ||| qw: Plans: Normal
     0 | D:1      | 0 ||| PLANNING D:1-11
    37 | D:1      | 37 ||| Stepping ~*~*~tactically~*~*~ (stealth).
   183 | D:1      | Found a faded altar of an unknown god.
   191 | D:1      | 191 ||| Stepping ~*~*~tactically~*~*~ (stealth).
   203 | D:1      | Reached XP level 2. HP: 8/17 MP: 6/6
   203 | D:1      | HP: 4/17 [quokka (4)]
   209 | D:1      | Reached skill level 3 in Axes
   447 | D:1      | 447 ||| DROPPING +0 club.
   709 | D:1      | 709 ||| DROPPING +0 whip.
   812 | D:1      | 812 ||| UPGRADING to +4 ring of evasion.
   813 | D:1      | 813 ||| READING 2 scrolls labelled UVAUFU RUAFA.
   814 | D:1      | 814 ||| READING scroll labelled NISSEY AWAUC.
   817 | D:1      | 817 ||| READING scroll labelled ZAODGH GUUQOLL.
   818 | D:1      | 818 ||| READING scroll labelled MASIOMESKA.
   819 | D:1      | 819 ||| DROPPING scroll of blinking.
   925 | D:2      | 925 ||| Stepping ~*~*~tactically~*~*~ (stealth).
  1147 | D:2      | 1147 ||| Stepping ~*~*~tactically~*~*~ (hiding).
  1148 | D:2      | 1148 ||| Stepping ~*~*~tactically~*~*~ (hiding).
  1152 | D:2      | Slain by a gnoll

Levels and vault maps discovered:
D:1:      psy_arrival_fountain, layout_rooms,
          hellmonk_ecumenical_altar_inner_sanctum
D:2:      layout_loops_ring

Skill      XL: |  1  2 |
---------------+-------+-----
Axes           | 3 |  3.4
Fighting       | |  2.0
Throwing       | |  1.0
Armour         | |  1.1
Dodging        | |  2.1
Spellcasting   | |  2.0
Translocations | |  2.4

Action                   || total
-------------------------++-------
Melee: Hand axe          ||    32
       Kick              ||     5
       Peck              ||     3
Throw: Boomerang         ||     7
  Use: Scroll            ||     4
Armor: Leather armour    ||     4
Dodge: Dodged            ||    19

Table legend:
 A = Non-vault XP
 B = Vault XP
 C = Vault XP percentage of total XP
 D = Non-vault monster count
 E = Vault monster count
 F = Vault count percentage of total count
                 A         B        C        D         E       F
            +---------+---------+-------+---------+---------+-------
      Total |      25 |       0 |   0.0 |      16 |       0 |   0.0
            +---------+---------+-------+---------+---------+-------
        D:1 |      20 |       0 |   0.0 |      13 |       0 |   0.0
        D:2 |       5 |       0 |   0.0 |       3 |       0 |   0.0
            +---------+---------+-------+---------+---------+-------
